 Dungeon Crawl Stone Soup version 0.32-a0-120-gfac0567ad4 (webtiles) character file.

Game seed: 9357762656564903152

1652 Slingman the Grappler (level 8, -4/67 (75) HPs)
             Began as a Troll Gladiator on Feb 7, 2024.
             Slain by a wight
             ... wielding a +3 flail
              (7 damage)
             ... on level 7 of the Dungeon.
             The game lasted 00:04:04 (2467 turns).

Slingman the Grappler (Troll Gladiator)             Turns: 2467, Time: 00:04:05

HP:   -4/67 (75)    AC:  4    Str: 23    XL:     8   Next: 68%
MP:   7/7           EV: 11    Int:  4    God:
Gold: 192           SH:  0    Dex: 13    Spells: 7/7 levels left

rFire   + .          .
                       - Unarmed
rCold   . . .        (no shield)
rNeg    . . .        a - +0 robe
rPois   .            b - +0 hat
rElec   .            (no cloak)
rCorr   .            (gloves unavailable)
SInv    .            (boots unavailable)
Will    .....        (no amulet)
Stlth   ++           e - ring of protection from fire
HPRegen 1.11/turn    (no ring)
MPRegen 0.10/turn

%: no passive effects
@: studying Ranged Weapons, heavily drained
A: large, unfitting armour, claws 3, regeneration 1, shaggy fur 1, tough skin 1
a: no special abilities


You were on level 7 of the Dungeon.
You visited 1 branch of the dungeon, and saw 5 of its levels.

You collected 192 gold pieces.

Inventory:

Missiles
 c - 2 throwing nets (quivered)
 d - a large rock
Armour
 a - a +0 robe (worn)
 b - a +0 hat (worn)
Jewellery
 e - a ring of protection from fire (left claw)
 k - a ring of ice
Scrolls
 f - a scroll of enchant weapon
 i - 2 scrolls of torment
Potions
 g - a potion of curing
 j - a potion of attraction {unknown}
 l - a potion of cancellation {unknown}
 m - a potion of haste {unknown}


   Skills:
 + Level 3.2 Fighting
 + Level 2.2 Throwing
 + Level 4.9 Dodging
 + Level 1.3 Stealth
 + Level 9.1 Unarmed Combat


You had 7 spell levels left.
You didn't know any spells.
Your spell library contained the following spells:

 Spells                   Type           Power      Damage    Failure   Level
 Magic Dart               Conj           0%         1d3       50%         1
 Searing Ray              Conj           0%         2d4       65%         2
 Call Canine Familiar     Summ           0%         N/A       86%         3
 Fugue of the Fallen      Necr           0%         N/A       86%         3
 Ozocubu's Armour         Ice            0%         N/A       86%         3
 Sigil of Binding         Hex            0%         N/A       86%         3
 Dimensional Bullseye     Hex/Tloc       0%         N/A       99%         4
 Fulminant Prism          Conj/Alch      0%         3d5       99%         4
 Manifold Assault         Tloc           0%         N/A       99%         4


Dungeon Overview and Level Annotations

Branches:
Dungeon (7/15)
 Temple: D:4-7

Altars:

Shops:
D:1 ?


Innate Abilities, Weirdness & Mutations

You are too large for most types of armour.
You have claws for hands.
Your natural rate of healing is unusually fast.
You are covered in fur. (AC +1)
You have tough skin. (AC +1)


Message History

The orc warrior closely misses you. The orc hits you with a +0 short sword.
You closely miss the orc.
The orc is moderately wounded.
The wight closely misses you. The orc warrior barely misses you.
The orc barely misses you.
You scratch the orc.
The orc is severely wounded.
The orc warrior closely misses you. The wight hits you with a +0 battleaxe!
The orc hits you with a +0 short sword.
You scratch the orc.
You kill the orc!
The wight hits you with a +3 mace.
The orc warrior hits you with a +0 short sword!
The wight hits you with a +3 flail! The wight barely misses you.
The orc warrior hits you with a +0 short sword.
The wight hits you with a +0 battleaxe.
* * * LOW HITPOINT WARNING * * *
You feel drained.
Things that are here:
a +0 short sword; a +0 ring mail; an orc corpse You feel better.
The wight hits you but does no damage. The wight hits you with a +3 mace!
You feel drained.
* * * LOW HITPOINT WARNING * * *
The orc warrior hits you with a +0 short sword.
* * * LOW HITPOINT WARNING * * *
You scratch the wight.
The wight is moderately damaged.
The wight barely misses you. The wight hits you with a +3 mace!
* * * LOW HITPOINT WARNING * * *
You feel drained.
* * * LOW HITPOINT WARNING * * *
The orc warrior misses you. The wight hits you with a +0 battleaxe.
* * * LOW HITPOINT WARNING * * *
You feel drained.
* * * LOW HITPOINT WARNING * * *
The wight closely misses you.
You claw the wight! You claw the wight.
You destroy the wight!
The wight hits you with a +3 flail!
You die...

#.# ##...#
#.# #####
##.# ##..#
#..## #.##
#.#######
#.#))..z##
#...).o@)##
#....)zz.$#
#.........#
#..[......#
...........#
##..........#
###.......##
>........
#=........#


You could see an orc warrior and 3 wights.

Vanquished Creatures
  A two-headed ogre (D:7)
  A hornet (D:7)
  A steam dragon (D:7)
  Edmund (D:6)
  A water moccasin (D:6)
  A phantom (D:6)
  2 bullfrogs (D:7)
  A scorpion (D:6)
  A wight (D:7)
  2 howler monkeys
  Crazy Yiuf (D:6)
  A hound (D:6)
  A sleepcap (D:6)
  2 orc wizards (D:7)
  2 adders
  2 ufetubi (D:6)
  2 dart slugs (D:2)
  3 ribbon worms
  3 orcs (D:7)
  3 endoplasms
  2 giant cockroaches
  4 hobgoblins
  4 jackals (D:2)
  2 quokkas (D:2)
  3 ball pythons
  3 bats
  A goblin (D:2)
  A kobold (D:2)
  3 rats
55 creatures vanquished.

Notes
Turn   | Place    | Note
-------+----------+-------------------------------------------
     0 | D:1      | Slingman the Troll Gladiator began the quest for the Orb.
     0 | D:1      | Reached XP level 1. HP: 19/19 MP: 0/0
    80 | D:1      | Found Laqemecy's Magic Scroll Emporium.
   192 | D:1      | Found a faded altar of an unknown god.
   701 | D:2      | Reached XP level 2. HP: 28/28 MP: 1/1
   997 | D:2      | Reached XP level 3. HP: 35/35 MP: 2/2
  1160 | D:2      | Reached skill level 4 in Unarmed Combat
  1421 | D:3      | You fall into a shaft and drop 3 floors!
  1507 | D:6      | Reached XP level 4. HP: 42/42 MP: 3/3
  1509 | D:6      | Noticed a scorpion
  1520 | D:6      | Killed a scorpion
  1521 | D:6      | Reached skill level 5 in Unarmed Combat
  1521 | D:6      | Reached XP level 5. HP: 30/49 MP: 4/4
  1594 | D:6      | Noticed a phantom
  1599 | D:6      | Killed a phantom
  1623 | D:6      | Noticed a water moccasin
  1631 | D:6      | Killed a water moccasin
  1632 | D:6      | Reached XP level 6. HP: 30/57 MP: 5/5
  1696 | D:6      | Noticed Edmund
  1749 | D:6      | Killed Edmund
  1750 | D:6      | Reached skill level 6 in Unarmed Combat
  1901 | D:6      | Found a runed translucent door.
  1902 | D:6      | Noticed Crazy Yiuf
  1944 | D:6      | Reached skill level 1 in Stealth
  1983 | D:6      | Reached XP level 7. HP: 62/65 MP: 6/6
  2164 | D:6      | Killed Crazy Yiuf
  2234 | D:7      | Noticed a hornet
  2244 | D:7      | Paralysed by a hornet for 3 turns
  2248 | D:7      | Killed a hornet
  2249 | D:7      | Reached skill level 7 in Unarmed Combat
  2301 | D:7      | Noticed a steam dragon
  2308 | D:7      | Killed a steam dragon
  2308 | D:7      | Noticed a two-headed ogre
  2318 | D:7      | Killed a two-headed ogre
  2319 | D:7      | Reached skill level 8 in Unarmed Combat
  2319 | D:7      | Reached XP level 8. HP: 15/75 MP: 7/7
  2321 | D:7      | Reached skill level 9 in Unarmed Combat
  2466 | D:7      | HP: 3/69 [wight/+0 battleaxe (4)]
  2467 | D:7      | Slain by a wight

Illustrated notes

Levels and vault maps discovered:
D:1:      minmay_arrival_radiant_lines, layout_basic,
          hellmonk_ecumenical_altar_lost_god, serial_shops, shop,
          amcnicky_mini_pool_small
D:2:      layout_basic, nrook_mini_vaults
D:3:      layout_rooms, nicolae_the_louvre
D:6:      layout_loops_ring, uniq_edmund, uniq_crazy_yiuf_cottage
D:7:      layout_rooms, serial_shops, shop, minmay_manual_mandibuliform

Skill      XL: |  1  2  3  4  5  6  7  8 |
---------------+-------------------------+-----
Throwing       | 2 |  2.2
Unarmed Combat | 4 5 6 8 9 |  9.1
Dodging        | 3 4 |  4.9
Fighting       | 2 3 |  3.2
Stealth        | 1 |  1.3

Action                     |  1- 3 |  4- 6 |  7- 9 || total
---------------------------+-------+-------+-------++-------
  Melee: Unarmed           |    81 |    51 |    47 ||   179
         Punch             |     1 |     2 |     3 ||     6
  Throw: Throwing net      |       |       |     2 ||     2
    Use: Scroll            |     4 |       |     1 ||     5
         Potion            |     2 |       |     2 ||     4
   Stab: Sleeping          |     1 |       |       ||     1
 Armour: Robe              |    36 |    33 |    44 ||   113
         Skin              |       |       |    13 ||    13
  Dodge: Dodged            |    44 |    23 |    41 ||   108

Table legend: (Time is in decaauts)
 A = Elapsed time spent in this place.
 B = Non-inter-level travel time spent in this place.
 C = Inter-level travel time spent in this place.
 D = Time resting spent in this place.
 E = Time spent auto-exploring this place.
 F = Levels seen in this place.
 G = Mean time per level.
                   A        B        C        D        E       F      G
               +--------+--------+--------+--------+--------+-----+--------+
         Total |   2454 |   2370 |     84 |    118 |   1733 |   5 |  490.8 |
       Dungeon |   2454 |   2370 |     84 |    118 |   1733 |   5 |  490.8 |
               +--------+--------+--------+--------+--------+-----+--------+

Top non-repeatable levels by time:
     D:6: 771 daAuts
     D:1: 696 daAuts
     D:2: 576 daAuts
     D:7: 267 daAuts
     D:3: 142 daAuts
